[Event "Titled Tuesday Blitz June 6 Early 2023"]
[White "Mladek, Richard"]
[Black "Todorovic, Bojan"]
[WhiteFideId "386588"]
[BlackFideId "917087"]
[WhiteElo "2332"]
[BlackElo "2266"]
[Result "0-1"]
[Round "3"]
[TimeControl "180+2"]
[Date "2023.06.06"]
[WhiteClock "0:00:22"]
[BlackClock "0:00:16"]
[Board "129"]

1. e4 g6 2. d4 Bg7 3. Nf3 d6 4. Nc3 a6 5. Be2 Nd7 6. O-O b5 7. Qd3 Bb7 8. a4 b4 9. Nd5 Ngf6 10. c4 bxc3 11. Nxc3 O-O 12. a5 c5 13. d5 Ne8 14. Bf4 Nc7 15. Ra2 Nb5 16. Nd2 Ne5 17. Qc2 Nd4 18. Qd1 e6 19. Nc4 Nxe2+ 20. Qxe2 Nxc4 21. Qxc4 Bxc3 22. bxc3 exd5 23. exd5 Qf6 24. Rb2 Rab8 25. Rfb1 Bxd5 26. Qxd5 Rxb2 27. Rxb2 Qxf4 28. Rd2 Re8 29. g3 Re1+ 30. Kg2 Qe5 31. Qxe5 dxe5 32. Rd5 Ra1 33. Rxc5 e4 34. Re5 f5 35. Rxe4 fxe4 0-1


[Site "https://www.chess.com"]

[Event "Titled Tuesday Blitz June 6 Early 2023"]
[White "Srdanovic, Jovana"]
[Black "Yonal, Timur"]
[WhiteFideId "954810"]
[BlackFideId "44115725"]
[WhiteElo "2155"]
[BlackElo "1966"]
[Result "0-1"]
[Round "3"]
[TimeControl "180+2"]
[Date "2023.06.06"]
[WhiteClock "0:00:08"]
[BlackClock "0:00:14"]
[Board "130"]

1. d4 d5 2. c4 e6 3. Nc3 a6 4. cxd5 exd5 5. Nf3 Nf6 6. Bg5 c6 7. e3 Bd6 8. Bd3 Be6 9. O-O Nbd7 10. h3 Qc7 11. Rb1 h6 12. Bxf6 Nxf6 13. b4 O-O 14. a4 g5 15. Qc2 g4 16. hxg4 Bxg4 17. Nh4 Kh8 18. Nf5 Bh2+ 19. Kh1 Rg8 20. f4 Bxf5 21. Bxf5 Bg3 22. Rf3 Nh5 23. Bh3 Qe7 24. Ne2 Qh4 25. Nxg3 Nxg3+ 26. Kh2 Ne4 27. Rbf1 Rg3 28. Rxg3 Qxg3+ 29. Kh1 Qxe3 30. Rf3 Qxd4 31. Bf5 Rg8 32. Kh2 Qg7 33. Rh3 Nd6 34. Bd3 f5 35. Qe2 Ne4 36. Bxe4 dxe4 37. Rh5 Qg6 38. Kh1 Kh7 39. Rh3 Rd8 40. Kh2 Qg4 41. Qxg4 fxg4 42. Rh4 Rd4 43. b5 cxb5 44. axb5 axb5 45. Rxg4 e3 46. Kg1 Rd1+ 0-1


[Site "https://www.chess.com"]

[Event "Titled Tuesday Blitz June 6 Early 2023"]
[White "Zaksaite, Salomeja"]
[Black "Richter, Paul"]
[WhiteFideId "12801496"]
[BlackFideId "2046350"]
[WhiteElo "2059"]
[BlackElo "2522"]
[Result "0-1"]
[Round "3"]
[TimeControl "180+2"]
[Date "2023.06.06"]
[WhiteClock "0:00:17"]
[BlackClock "0:01:34"]
[Board "131"]

1. e4 c5 2. Nf3 d6 3. d4 cxd4 4. Nxd4 Nf6 5. Nc3 g6 6. Be2 Bg7 7. O-O O-O 8. Bg5 Nc6 9. Nb3 Be6 10. Kh1 a5 11. a4 Rc8 12. f4 Nb4 13. Nd5 Bxd5 14. exd5 Nxc2 15. f5 Nxa1 16. Nxa1 Qb6 17. Bb5 Ne4 18. Bxe7 Nf2+ 19. Rxf2 Qxf2 20. Bxf8 Kxf8 21. fxg6 hxg6 22. Bd3 Qxb2 23. Nc2 Be5 0-1


[Site "https://www.chess.com"]

[Event "Titled Tuesday Blitz June 6 Early 2023"]
[White "Chylewski, Patryk"]
[Black "Palacio,Igor Da Paz"]
[WhiteFideId "1186191"]
[BlackFideId "2121140"]
[WhiteElo "2163"]
[BlackElo "2126"]
[Result "1-0"]
[Round "3"]
[TimeControl "180+2"]
[Date "2023.06.06"]
[WhiteClock "0:00:40"]
[BlackClock "0:00:02"]
[Board "132"]

1. e4 c5 2. Nf3 d6 3. c3 Nf6 4. h3 Nc6 5. Bd3 c4 6. Bxc4 Nxe4 7. d3 Nf6 8. O-O e6 9. Re1 Be7 10. Bg5 O-O 11. Nbd2 a6 12. a4 b6 13. Qe2 Bb7 14. d4 d5 15. Bd3 h6 16. Bh4 Nh5 17. Bxe7 Qxe7 18. g3 Nf6 19. Ne5 Nd7 20. Nxc6 Bxc6 21. Bxa6 Nb8 22. Bb5 Bxb5 23. Qxb5 Nd7 24. Qxd5 Nf6 25. Qb5 Qc7 26. Nc4 Rfb8 27. Ne5 Rc8 28. Qb3 Nd5 29. Qd1 f6 30. Nd3 Qd7 31. Qg4 Re8 32. h4 Kf7 33. Qh5+ Kf8 34. Qd1 Qd6 35. Qb3 Ra5 36. Qc4 Qd7 37. Nb4 Rxa4 38. Rxa4 Qxa4 39. b3 Qd7 40. Nxd5 exd5 41. Rxe8+ Kxe8 42. Qe2+ Kf7 43. Qd3 g6 44. h5 f5 45. hxg6+ Kxg6 46. c4 Kf6 47. c5 Qc6 48. b4 b5 49. Qe3 1-0


[Site "https://www.chess.com"]

[Event "Titled Tuesday Blitz June 6 Early 2023"]
[White "Rosh Jain"]
[Black "Sharapov, Evgeny"]
[WhiteFideId "25789465"]
[BlackFideId "14103133"]
[WhiteElo "2233"]
[BlackElo "2367"]
[Result "1/2-1/2"]
[Round "3"]
[TimeControl "180+2"]
[Date "2023.06.06"]
[WhiteClock "0:00:39"]
[BlackClock "0:01:28"]
[Board "133"]

1. e4 c5 2. Nc3 Nc6 3. f4 g6 4. Nf3 Bg7 5. a4 e6 6. e5 d5 7. d4 cxd4 8. Nb5 Nge7 9. Nd6+ Kf8 10. Ng5 Qa5+ 11. Bd2 Qb6 12. Ngxf7 Rg8 13. Ng5 Rh8 14. h4 h6 15. Nxc8 Rxc8 16. Nxe6+ Kf7 17. Nxg7 Kxg7 18. h5 g5 19. fxg5 Nxe5 20. gxh6+ Kh7 21. Bd3+ Nxd3+ 22. cxd3 Qe6+ 23. Qe2 Qxe2+ 24. Kxe2 Nf5 25. Rh3 Rhe8+ 26. Kd1 Ne3+ 27. Bxe3 dxe3 28. d4 Rc4 29. Ke2 Rc2+ 30. Ke1 Rxg2 31. Ra3 Rxb2 32. Raxe3 Rxe3+ 33. Rxe3 Rb4 34. Re5 Rxd4 35. Re7+ Kxh6 36. Rxb7 Rxa4 37. Rb5 d4 38. Kd2 Ra3 39. Rd5 d3 40. Rxd3 Rxd3+ 41. Kxd3 Kxh5 42. Kc4 Kg4 43. Kb5 Kf5 44. Ka6 Ke6 45. Kxa7 1/2-1/2


[Site "https://www.chess.com"]

[Event "Titled Tuesday Blitz June 6 Early 2023"]
[White "rikchessmx"]
[Black "Reprintsev, Alexander"]
[BlackFideId "14100541"]
[WhiteElo "2285"]
[BlackElo "2229"]
[Result "1-0"]
[Round "3"]
[TimeControl "180+2"]
[Date "2023.06.06"]
[WhiteClock "0:00:06"]
[BlackClock "0:00:01"]
[Board "134"]

1. e4 d5 2. exd5 Qxd5 3. Nc3 Qa5 4. Bc4 Nf6 5. d3 Bg4 6. f3 Be6 7. Bxe6 fxe6 8. Bd2 Qb6 9. Qe2 Nd5 10. O-O-O Nd7 11. Nh3 h6 12. Qe4 O-O-O 13. Nxd5 exd5 14. Qxd5 e6 15. Qb3 Qa6 16. Nf4 Nc5 17. Qc4 Qxc4 18. dxc4 Bd6 19. Ng6 Rhe8 20. Bc3 e5 21. Rhe1 Nd7 22. b4 b6 23. a3 Re6 24. Nh4 Rf6 25. g4 g6 26. Rd3 Rg8 27. Rg1 Rf4 28. c5 bxc5 29. b5 c4 30. Rd2 Bxa3+ 31. Kb1 Bc5 32. Rgg2 Nb6 33. Bxe5 Rf7 34. Bd4 c3 35. Rd3 Bxd4 36. Rxd4 Re7 37. Ka2 Re5 38. Rb4 Nd5 39. Rb3 Nf4 40. Rg1 Re3 41. Rd1 Rge8 42. Rd4 Ne2 43. Rc4 R8e5 44. Nxg6 Re6 45. Nf4 Nxf4 46. Rxf4 Re2 47. Ka3 Rxc2 48. Kb4 Re1 49. Rxc3 Rxc3 50. Kxc3 Rf1 51. Rf7 Kb7 52. h4 Kb6 53. g5 hxg5 54. hxg5 Kxb5 55. f4 c5 56. g6 Rf3+ 57. Kc2 c4 58. g7 Rg3 59. f5 Kb4 60. f6 Rg2+ 61. Kd1 Kc3 62. Rc7 Rg1+ 63. Ke2 Rg2+ 64. Kf3 Rg6 65. f7 Rxg7 66. Ke4 Rg4+ 67. Kd5 Rf4 68. Rxc4+ Rxc4 69. f8=Q Rd4+ 70. Kc5 Rc4+ 71. Kb5 Rd4 72. Qf3+ Rd3 73. Qf6+ Kc2 74. Kb4 a5+ 75. Ka4 Rc3 76. Kxa5 Kd3 77. Qf2 Rc2 78. Qf3+ Kd4 79. Qf4+ Kd3 80. Kb4 Rb2+ 81. Kc5 Rc2+ 82. Kd5 Rd2 83. Qe4+ Kc3+ 84. Kc5 Kb2 85. Kb4 1-0


[Site "https://www.chess.com"]

[Event "Titled Tuesday Blitz June 6 Early 2023"]
[White "Arat, Ufuk Sezen"]
[Black "Balint, Vilmos"]
[WhiteFideId "6309089"]
[BlackFideId "718050"]
[WhiteElo "2289"]
[BlackElo "2034"]
[Result "1-0"]
[Round "3"]
[TimeControl "180+2"]
[Date "2023.06.06"]
[WhiteClock "0:01:59"]
[BlackClock "0:01:57"]
[Board "135"]

1. e4 e5 2. Nf3 Nc6 3. c3 Nf6 4. d4 d6 5. Bb5 Bd7 6. O-O exd4 7. cxd4 Be7 8. Nc3 O-O 9. Re1 Bg4 10. h3 Bxf3 11. gxf3 Qc8 12. Kh2 Nh5 13. Rg1 g6 14. f4 Kh8 15. Be3 Bf6 16. Bxc6 bxc6 17. Qg4 Rb8 18. Rab1 Rb4 19. Qxc8 Rxc8 20. e5 Bg7 21. Ne4 dxe5 22. fxe5 Bxe5+ 23. dxe5 Rxe4 24. Rgc1 Rxe5 25. Bd4 f6 26. Bxe5 fxe5 27. Rxc6 Nf4 28. Rbc1 Rb8 29. b3 Nd5 30. R6c5 Nb4 31. Rxc7 Rb6 32. Rxa7 1-0


[Site "https://www.chess.com"]

[Event "Titled Tuesday Blitz June 6 Early 2023"]
[White "Cardozo Munar, Carlos Eduardo"]
[Black "Ronka, Erik"]
[WhiteFideId "4409477"]
[BlackFideId "505080"]
[WhiteElo "2067"]
[BlackElo "2264"]
[Result "0-1"]
[Round "3"]
[TimeControl "180+2"]
[Date "2023.06.06"]
[WhiteClock "0:00:13"]
[BlackClock "0:00:06"]
[Board "136"]

1. e4 c5 2. Nf3 d6 3. Bc4 g6 4. Nc3 Bg7 5. O-O Nc6 6. Re1 a6 7. a4 e6 8. d3 Nge7 9. h3 O-O 10. Bg5 Rb8 11. Qd2 Bd7 12. Bh6 Ne5 13. Nxe5 dxe5 14. Bxg7 Kxg7 15. f4 Qc7 16. Rf1 b5 17. axb5 axb5 18. Bb3 c4 19. dxc4 bxc4 20. Bxc4 Qxc4 21. Qxd7 Qc5+ 22. Kh1 Rfd8 23. Na4 Qb4 24. Qa7 Ra8 25. Qc7 exf4 26. c3 Qd6 27. Qxd6 Rxd6 28. Rxf4 Nc6 29. Rff1 Ne5 30. Nc5 Rc8 31. b4 Nd3 32. Ra7 Rf8 33. Rd7 Rxd7 34. Nxd7 Rd8 35. Nb6 Ne5 36. c4 Rd4 37. c5 Rxb4 38. Rc1 Rxe4 39. c6 Nxc6 40. Rxc6 h5 41. Kh2 Rf4 42. Rc7 Rf5 43. Nc8 Kf8 44. Nd6 Rf6 45. Ne4 Rf5 46. Ng5 Rxg5 47. g3 Rf5 48. h4 Kg7 49. Kh3 Rd5 50. Re7 Kf6 51. Ra7 e5 52. Ra6+ Kf5 53. Ra7 f6 54. Rg7 Rd1 55. Rg8 e4 56. Kg2 Rd2+ 57. Kh3 Rd5 58. Kg2 Re5 59. Kf2 g5 60. hxg5 fxg5 61. Rf8+ Kg4 62. Ke3 Kxg3 63. Rh8 h4 64. Rg8 g4 65. Rh8 h3 66. Rh7 Kg2 67. Kf4 e3 68. Rg7 e2 69. Rxg4+ Kf1 70. Kxe5 e1=Q+ 71. Kf4 Qf2+ 72. Kg5 h2 73. Rf4 Qxf4+ 74. Kxf4 h1=Q 75. Kg4 Qg2+ 76. Kf4 Qf2+ 77. Kg4 Ke2 78. Kg5 Qg3+ 79. Kf5 Qf3+ 0-1


[Site "https://www.chess.com"]

[Event "Titled Tuesday Blitz June 6 Early 2023"]
[White "Abrosimov, Vladimir"]
[Black "Xu, Daniel"]
[WhiteFideId "4166892"]
[BlackFideId "2627345"]
[WhiteElo "2336"]
[BlackElo "1980"]
[Result "1-0"]
[Round "3"]
[TimeControl "180+2"]
[Date "2023.06.06"]
[WhiteClock "0:02:11"]
[BlackClock "0:00:01"]
[Board "137"]

1. c4 Nf6 2. Nc3 g6 3. g3 Bg7 4. Bg2 O-O 5. d3 d6 6. e4 c5 7. Nge2 Nc6 8. O-O a6 9. f4 Rb8 10. a4 Ne8 11. f5 Nc7 12. Nd5 Nxd5 13. cxd5 Nd4 14. Be3 b5 15. Bxd4 Bxd4+ 16. Nxd4 cxd4 17. a5 Bd7 18. b4 Rc8 19. Rc1 Rc3 20. Rxc3 dxc3 21. Qb3 Qc7 22. Rc1 Rc8 23. fxg6 hxg6 24. Kf2 f6 25. Rc2 Kg7 26. Qb1 Qa7+ 27. Ke2 Qd4 28. Bf3 Rh8 29. h4 g5 30. Qe1 Qxb4 31. Qxc3 Qxc3 32. Rxc3 gxh4 33. gxh4 Rc8 34. Rxc8 Bxc8 35. d4 Kh6 36. Ke3 Bh3 37. Kf4 Bf1 38. e5 fxe5+ 39. dxe5 Bd3 40. exd6 exd6 41. Ke3 Bc4 42. Kd4 Kg6 43. Ke3 Kf6 44. Kd4 Bf1 45. Bg4 Bg2 46. Bc8 b4 47. Bxa6 b3 48. Kc3 Bxd5 49. Bb5 Ba8 50. Kxb3 Ke7 51. Kc3 Kf6 52. Kb4 Kg6 53. Be2 d5 54. Kb5 d4 55. Kc4 Kh6 56. Kxd4 Bb7 57. Kc5 Ba8 58. Kb6 Be4 59. Bb5 Bd5 60. a6 1-0


[Site "https://www.chess.com"]

[Event "Titled Tuesday Blitz June 6 Early 2023"]
[White "Kuzmin, Roman"]
[Black "Dubreuil, Julien"]
[WhiteFideId "44134932"]
[BlackFideId "621285"]
[WhiteElo "2122"]
[BlackElo "2269"]
[Result "0-1"]
[Round "3"]
[TimeControl "180+2"]
[Date "2023.06.06"]
[WhiteClock "0:00:02"]
[BlackClock "0:00:38"]
[Board "138"]

1. e4 e5 2. Nf3 Nc6 3. Bb5 Bc5 4. c3 Qf6 5. O-O Nge7 6. d3 h6 7. b4 Bb6 8. Bb2 O-O 9. c4 d6 10. a3 Ng6 11. Bxc6 bxc6 12. d4 exd4 13. Nxd4 c5 14. bxc5 dxc5 15. e5 Qxe5 16. Re1 Qf6 17. Qf3 Bd7 18. Qxf6 gxf6 19. Nf3 Be6 20. Nbd2 Ba5 21. Rec1 Nf4 22. Kf1 Nd3 23. Bc3 Nxc1 24. Bxa5 Nd3 25. Ne4 Bxc4 26. Nxf6+ Kg7 27. Nh5+ Kg6 28. Ng3 Ne5+ 29. Kg1 Nxf3+ 30. gxf3 Bd5 31. f4 h5 32. h4 Rac8 33. f5+ Kh7 34. Rd1 Bc6 35. Bc3 Rg8 36. Kf1 Rg4 37. Nxh5 Rxh4 38. Nf6+ Kh6 39. Ke2 Rh1 40. Rd2 Rb8 41. Ke3 Rh3+ 42. Kf4 Rxc3 43. f3 Rc4+ 44. Kg3 Kg5 45. Ng4 Rxg4+ 46. fxg4 Rb3+ 47. Kf2 Kxg4 0-1


[Site "https://www.chess.com"]

[Event "Titled Tuesday Blitz June 6 Early 2023"]
[White "Marchesich, Giovanni"]
[Black "Pinheiro, Iung Alicio de O."]
[WhiteFideId "2824790"]
[BlackFideId "2104350"]
[WhiteElo "2213"]
[BlackElo "2283"]
[Result "1-0"]
[Round "3"]
[TimeControl "180+2"]
[Date "2023.06.06"]
[WhiteClock "0:01:34"]
[BlackClock "0:00:06"]
[Board "139"]

1. e4 e5 2. Nf3 Nc6 3. Nc3 Nf6 4. a3 d6 5. g3 g6 6. Bg2 Bg7 7. O-O O-O 8. h3 h6 9. d4 exd4 10. Nxd4 Bd7 11. Be3 Re8 12. Qd2 Kh7 13. Rad1 Rb8 14. f4 Nxd4 15. Bxd4 Bc6 16. e5 Nd7 17. Bxc6 bxc6 18. exd6 cxd6 19. Bxg7 Kxg7 20. Qxd6 Qb6+ 21. Qd4+ Nf6 22. Qxb6 Rxb6 23. b3 Re3 24. Na4 Rb7 25. Kf2 Rbe7 26. Rfe1 R3e4 27. Nc5 Rxe1 28. Rxe1 Rxe1 29. Kxe1 g5 30. Ke2 gxf4 31. gxf4 Kg6 32. c4 Kf5 33. Kf3 Nh5 34. Nd3 a5 35. b4 a4 36. b5 cxb5 37. cxb5 Ke6 38. Nc5+ Kd5 39. Nxa4 Nf6 40. Nc3+ Kc5 41. Ne4+ Nxe4 42. Kxe4 Kxb5 43. Kf5 Ka4 44. Kf6 Kxa3 45. Kxf7 Kb4 46. Kg6 Kc5 47. f5 Kd6 48. f6 1-0


[Site "https://www.chess.com"]

[Event "Titled Tuesday Blitz June 6 Early 2023"]
[White "Schut, Han"]
[Black "Camacho Collados, Jose"]
[WhiteFideId "1005561"]
[BlackFideId "2265427"]
[WhiteElo "2024"]
[BlackElo "2212"]
[Result "0-1"]
[Round "3"]
[TimeControl "180+2"]
[Date "2023.06.06"]
[WhiteClock "0:00:02"]
[BlackClock "0:00:31"]
[Board "140"]

1. e4 b6 2. d4 Bb7 3. Bd3 e6 4. Qe2 d5 5. e5 Qc8 6. b4 c5 7. bxc5 bxc5 8. c3 cxd4 9. f4 dxc3 10. Nf3 Bc5 11. Bb5+ Nd7 12. Bxd7+ Qxd7 13. Nxc3 Ne7 14. Bd2 O-O 15. Rc1 Rac8 16. Qd3 Ng6 17. h4 h5 18. Ng5 Be7 19. g4 d4 20. Nce4 Rxc1+ 21. Bxc1 Rc8 22. Kf2 Bxg5 23. hxg5 hxg4 24. Bd2 Qd5 25. Re1 Qc4 26. Qg3 Bxe4 27. Rxe4 Qc2 28. Ke2 Qxe4+ 0-1


[Site "https://www.chess.com"]

[Event "Titled Tuesday Blitz June 6 Early 2023"]
[White "Tanmay Jain"]
[Black "Afanasieva, Alexandra"]
[WhiteFideId "45015481"]
[BlackFideId "34126926"]
[WhiteElo "2032"]
[BlackElo "1736"]
[Result "0-1"]
[Round "3"]
[TimeControl "180+2"]
[Date "2023.06.06"]
[WhiteClock "0:00:15"]
[BlackClock "0:00:35"]
[Board "141"]

1. e4 c5 2. Nf3 e6 3. g3 Nc6 4. Bg2 Nf6 5. Nc3 d5 6. exd5 Nxd5 7. O-O Nxc3 8. bxc3 Be7 9. d4 O-O 10. Re1 Bf6 11. Bb2 Qc7 12. Qe2 b6 13. Rad1 Bb7 14. dxc5 bxc5 15. Qc4 Na5 16. Qg4 Rad8 17. h4 Ba6 18. Qa4 Nc4 19. Qxa6 Nxb2 20. Rxd8 Rxd8 21. Qa3 Nc4 22. Qb3 Nb6 23. Re3 h6 24. Rd3 Rb8 25. Qb5 c4 26. Rd1 Nd5 27. Qa6 Nxc3 28. Rd2 Rb6 29. Qa5 Rb1+ 0-1


[Site "https://www.chess.com"]

[Event "Titled Tuesday Blitz June 6 Early 2023"]
[White "Naguleswaran, Annorjan"]
[Black "Janaszak, Dawid"]
[WhiteFideId "2093197"]
[BlackFideId "1119206"]
[WhiteElo "2130"]
[BlackElo "2220"]
[Result "0-1"]
[Round "3"]
[TimeControl "180+2"]
[Date "2023.06.06"]
[WhiteClock "0:00:03"]
[BlackClock "0:01:19"]
[Board "142"]

1. e4 c5 2. Nf3 Nc6 3. c3 e5 4. Bc4 Nf6 5. d3 Be7 6. O-O O-O 7. a4 d6 8. h3 Kh8 9. Nbd2 Nd7 10. Re1 Nb6 11. Ba2 f5 12. Nf1 f4 13. d4 cxd4 14. cxd4 Qe8 15. a5 Nxa5 16. dxe5 dxe5 17. Nxe5 Bb4 18. Nf7+ Rxf7 19. Bxf7 Qxf7 20. Qd8+ Qg8 21. Rd1 Be6 22. Qh4 Nb3 23. Rb1 g5 24. Qh6 Qg6 25. Qxg6 hxg6 26. Bd2 Bc5 27. Bc3+ Kg8 28. Nd2 Rc8 29. Nxb3 Bxb3 30. Rd2 Kf7 31. Ra1 a6 32. Ra5 Nc4 33. Rd7+ Ke8 34. Rxb7 Nxa5 35. Bxa5 Ba4 36. Rg7 Bd4 37. Rxg6 Rc1+ 38. Kh2 Bxf2 39. Rxg5 Bg3+ 40. Rxg3 fxg3+ 41. Kxg3 Rc2 0-1


[Site "https://www.chess.com"]

[Event "Titled Tuesday Blitz June 6 Early 2023"]
[White "Chernomordik, Pavel"]
[Black "Lakshmi C"]
[WhiteFideId "2804530"]
[BlackFideId "25035347"]
[WhiteElo "2193"]
[BlackElo "1942"]
[Result "1-0"]
[Round "3"]
[TimeControl "180+2"]
[Date "2023.06.06"]
[WhiteClock "0:01:56"]
[BlackClock "0:00:02"]
[Board "143"]

1. e4 c5 2. Nc3 Nc6 3. Bb5 g6 4. Bxc6 dxc6 5. f4 Bg7 6. Nf3 Bg4 7. h3 Bxf3 8. Qxf3 Bd4 9. d3 e5 10. Ne2 exf4 11. Bxf4 Ne7 12. Bh6 Bxb2 13. Rb1 Be5 14. O-O b6 15. Qxf7+ Kd7 16. Nf4 Qe8 17. Qe6+ Kc7 18. Qxe5+ 1-0


[Site "https://www.chess.com"]

[Event "Titled Tuesday Blitz June 6 Early 2023"]
[White "Vyatkin, Dmitry"]
[Black "Aung Thant Zin"]
[WhiteFideId "4171900"]
[BlackFideId "13000063"]
[WhiteElo "2279"]
[BlackElo "2278"]
[Result "1-0"]
[Round "3"]
[TimeControl "180+2"]
[Date "2023.06.06"]
[WhiteClock "0:01:35"]
[BlackClock "0:01:41"]
[Board "144"]

1. d4 Nf6 2. c4 e6 3. g3 d5 4. Nf3 Be7 5. Bg2 O-O 6. O-O dxc4 7. Qc2 a6 8. Qxc4 b5 9. Qc2 Bb7 10. Bd2 Nc6 11. e3 Nb4 12. Bxb4 Bxb4 13. a3 Ba5 14. b4 Bb6 15. Nbd2 a5 16. Ne5 Bxg2 17. Kxg2 Nd5 18. Nc6 Qg5 19. Nf3 Qxe3 20. Ne7+ Kh8 21. Nxd5 1-0


[Site "https://www.chess.com"]

[Event "Titled Tuesday Blitz June 6 Early 2023"]
[White "Joubert, Dantelle"]
[Black "feuervogel1000000"]
[WhiteFideId "14310813"]
[WhiteElo "1507"]
[BlackElo "2510"]
[Result "0-1"]
[Round "3"]
[TimeControl "180+2"]
[Date "2023.06.06"]
[WhiteClock "0:02:16"]
[BlackClock "0:02:17"]
[Board "145"]

1. e4 c5 2. Nf3 d6 3. d4 cxd4 4. Nxd4 Nf6 5. Nc3 a6 6. Rg1 e5 7. Nde2 h5 8. Bg5 Be6 9. Qd2 Nbd7 10. O-O-O b5 11. f3 Be7 12. h4 b4 13. Nd5 Bxd5 14. exd5 Qa5 15. Kb1 Nb6 16. Bxf6 Bxf6 17. g3 Nc4 18. Qd3 Nxb2 0-1


[Site "https://www.chess.com"]

[Event "Titled Tuesday Blitz June 6 Early 2023"]
[White "Bachmann, Axel"]
[Black "Trifan, Andrei Ioan"]
[WhiteFideId "3700488"]
[BlackFideId "12967068"]
[WhiteElo "2605"]
[BlackElo "2208"]
[Result "0-1"]
[Round "3"]
[TimeControl "180+2"]
[Date "2023.06.06"]
[WhiteClock "0:00:12"]
[BlackClock "0:00:33"]
[Board "146"]

1. e4 e5 2. Nf3 Nc6 3. Bc4 Bc5 4. b4 Bxb4 5. c3 Ba5 6. O-O Nf6 7. d4 d6 8. d5 Ne7 9. Qa4+ c6 10. dxc6 bxc6 11. Bg5 Bb6 12. Nbd2 Bd7 13. Rfd1 Qc7 14. Bd3 O-O 15. Nc4 Bc5 16. Rab1 Ng6 17. Rb3 Rab8 18. Rdb1 Ng4 19. Ne3 Nxe3 20. Bxe3 Bxe3 21. fxe3 c5 22. Qa6 Bc8 23. Qa4 Be6 24. c4 Rb6 25. Nd2 h6 26. Be2 Rfb8 27. h3 Ne7 28. Bg4 Bxg4 29. hxg4 Nc6 30. Nf3 Nb4 31. a3 Ra6 32. Qxa6 Nxa6 33. Rxb8+ Nxb8 0-1


[Site "https://www.chess.com"]

[Event "Titled Tuesday Blitz June 6 Early 2023"]
[White "Sanchez, Robert"]
[Black "Atakhan, Abtin"]
[WhiteFideId "2034360"]
[BlackFideId "22502203"]
[WhiteElo "1795"]
[BlackElo "2008"]
[Result "0-1"]
[Round "3"]
[TimeControl "180+2"]
[Date "2023.06.06"]
[WhiteClock "0:01:36"]
[BlackClock "0:02:29"]
[Board "147"]

1. Nf3 Nf6 2. e3 g6 3. c4 Bg7 4. Nc3 O-O 5. d4 c5 6. Be2 cxd4 7. exd4 d5 8. O-O Nc6 9. h3 dxc4 10. Bxc4 b6 11. Re1 Bb7 12. Bg5 Rc8 13. Bb3 Na5 14. d5 Nxb3 15. axb3 a5 16. Qd3 Nxd5 17. Nxd5 Qxd5 18. Qxd5 Bxd5 19. Bxe7 Rfe8 20. Nd2 Bxb2 21. Rab1 Bc3 22. Red1 0-1


[Site "https://www.chess.com"]

[Event "Titled Tuesday Blitz June 6 Early 2023"]
[White "Gatterer, Florian"]
[Black "Aradhya, Garg"]
[WhiteFideId "811688"]
[BlackFideId "25006746"]
[WhiteElo "2221"]
[BlackElo "2263"]
[Result "0-1"]
[Round "3"]
[TimeControl "180+2"]
[Date "2023.06.06"]
[WhiteClock "0:00:01"]
[BlackClock "0:00:27"]
[Board "148"]

1. c4 e5 2. Nc3 Nf6 3. Nf3 Nc6 4. a3 d5 5. cxd5 Nxd5 6. Qc2 g6 7. e3 Bg7 8. Bb5 O-O 9. O-O Bg4 10. Qe4 Nf6 11. Qc2 Bxf3 12. gxf3 Qc8 13. Ne4 Qh3 14. Nxf6+ Bxf6 15. Qe4 Ne7 16. Qg4 Qh6 17. e4 Rfd8 18. d4 Qg7 19. d5 c6 20. dxc6 Nxc6 21. Bxc6 bxc6 22. Bg5 Rd3 23. Rfd1 Rad8 24. Rxd3 Rxd3 25. Rc1 h5 26. Qh4 Rxf3 27. Rxc6 Bxg5 28. Qxg5 Rf4 29. Qd8+ Kh7 30. Qd5 h4 31. h3 g5 32. Rc3 g4 33. hxg4 Qxg4+ 34. Kf1 h3 35. Qxe5 h2 0-1


[Site "https://www.chess.com"]

[Event "Titled Tuesday Blitz June 6 Early 2023"]
[White "Gomez Ledo, Roberto Carlos"]
[Black "Schuh, Karsten"]
[WhiteFideId "3507076"]
[BlackFideId "4637950"]
[WhiteElo "2378"]
[BlackElo "2177"]
[Result "1-0"]
[Round "3"]
[TimeControl "180+2"]
[Date "2023.06.06"]
[WhiteClock "0:01:08"]
[BlackClock "0:00:51"]
[Board "149"]

1. d4 f5 2. Bf4 Nf6 3. e3 e6 4. Nf3 b6 5. h3 Bb7 6. Nbd2 Be7 7. Bd3 O-O 8. g4 Ne4 9. Rg1 d6 10. gxf5 exf5 11. Qe2 Nd7 12. O-O-O Ndf6 13. Rg2 Nxd2 14. Kxd2 Ne4+ 15. Kc1 Bf6 16. Rdg1 Qe7 17. h4 c5 18. c3 Rac8 19. Kb1 d5 20. Be5 Rf7 21. Bxe4 dxe4 22. Ng5 Bxg5 23. Rxg5 Rc7 24. Rxg7+ Rxg7 25. Rxg7+ Qxg7 26. Bxg7 Rxg7 27. dxc5 1-0


[Site "https://www.chess.com"]

[Event "Titled Tuesday Blitz June 6 Early 2023"]
[White "Orlov, Georgi"]
[Black "a-z30"]
[WhiteFideId "2011271"]
[WhiteElo "2635"]
[BlackElo "2396"]
[Result "1-0"]
[Round "3"]
[TimeControl "180+2"]
[Date "2023.06.06"]
[WhiteClock "0:00:59"]
[BlackClock "0:00:03"]
[Board "150"]

1. d4 d6 2. Nf3 Nf6 3. c4 g6 4. Nc3 Bg7 5. e4 O-O 6. Be2 c5 7. O-O Bg4 8. Be3 Bxf3 9. Bxf3 cxd4 10. Bxd4 Nc6 11. Be3 Rc8 12. Be2 a6 13. Rc1 Qa5 14. b3 b5 15. Bd2 b4 16. Nd5 Nxe4 17. Bf3 Nxd2 18. Qxd2 e6 19. Ne3 Nd4 20. Bd1 Qc5 21. Kh1 a5 22. f4 d5 23. Bg4 h5 24. cxd5 Qe7 25. Rxc8 Rxc8 26. Bh3 Rc3 27. dxe6 Nxe6 28. Nd5 Qd8 29. Rd1 Nd4 30. Nxc3 bxc3 31. Qxc3 Qh4 32. Qc8+ Kh7 33. g3 Qe7 34. Qc4 Qe3 35. Bg2 Ne2 36. Qd3 Qf2 37. Rf1 1-0


[Site "https://www.chess.com"]

[Event "Titled Tuesday Blitz June 6 Early 2023"]
[White "Gavrilov, Maxim"]
[Black "Ruiz Aguilar, Pablo Alexander"]
[WhiteFideId "24271454"]
[BlackFideId "4401352"]
[WhiteElo "1969"]
[BlackElo "2111"]
[Result "1-0"]
[Round "3"]
[TimeControl "180+2"]
[Date "2023.06.06"]
[WhiteClock "0:00:13"]
[BlackClock "0:00:01"]
[Board "151"]

1. d4 d5 2. c4 c6 3. Nc3 Nf6 4. e3 e6 5. Nf3 Bd6 6. Bd3 Nbd7 7. O-O O-O 8. e4 dxc4 9. Bxc4 e5 10. h3 Qe7 11. Re1 Rd8 12. Be3 Nf8 13. Qc2 Ng6 14. Ng5 Rf8 15. Rad1 exd4 16. Bxd4 Ne5 17. Bb3 h6 18. Nxf7 Nxf7 19. e5 Re8 20. Qg6 Kf8 21. exd6 Qxe1+ 22. Rxe1 Rxe1+ 23. Kh2 Be6 24. Bxf6 gxf6 25. Qxf6 Bxb3 26. axb3 Rd8 27. Qf5 Rxd6 28. Qc8+ Nd8 29. Ne4 Rdd1 30. Nf6 Ke7 31. Ng8+ Kf7 32. Nxh6+ Kg6 33. Ng4 Ne6 34. Qxb7 Nd4 35. Ne3 Rh1+ 36. Kg3 Ne2+ 37. Kf3 Nd4+ 38. Ke4 Rd2 39. Qd7 c5 40. Qg4+ Kf7 41. Qf4+ Kg8 42. Qg5+ Kf8 43. Qxc5+ Kf7 44. Qd5+ Kg7 45. Nf5+ Nxf5 46. Qxd2 Ne7 47. Qg5+ Kf7 48. b4 Re1+ 49. Kf3 Re6 50. b5 Rf6+ 51. Ke3 Nf5+ 52. Kd3 Nd6 53. Qd5+ 1-0


[Site "https://www.chess.com"]

[Event "Titled Tuesday Blitz June 6 Early 2023"]
[White "Lopez Idarraga, Daniel Eduardo"]
[Black "Do Nascimento,Christian Almeida"]
[WhiteFideId "4405501"]
[BlackFideId "2143801"]
[WhiteElo "1980"]
[BlackElo "2078"]
[Result "1-0"]
[Round "3"]
[TimeControl "180+2"]
[Date "2023.06.06"]
[WhiteClock "0:00:16"]
[BlackClock "0:00:06"]
[Board "152"]

1. d4 Nf6 2. Bf4 e6 3. e3 b6 4. Nf3 Bb7 5. Nbd2 d6 6. Bd3 Nbd7 7. h3 Qe7 8. Bh2 g6 9. O-O Bg7 10. a4 O-O 11. c3 a5 12. Nc4 Rfe8 13. b4 axb4 14. cxb4 e5 15. dxe5 Nxe5 16. Nfxe5 dxe5 17. Nxe5 Rad8 18. Rc1 Nd5 19. Nxf7 Qxf7 20. Qb3 Nf6 21. Qxf7+ Kxf7 22. Rxc7+ Re7 23. Rd1 Rxc7 24. Bxc7 Rd7 25. Bxb6 Be4 26. Bc4+ Bd5 27. Bf1 Bc6 28. Rxd7+ Nxd7 29. b5 Bxb5 30. Bxb5 Nxb6 31. a5 Nc8 32. f4 Bf8 33. Kf2 Bc5 34. Kf3 Kf6 35. e4 Na7 36. e5+ Ke7 37. Ba4 Ke6 38. Ke4 h6 39. g4 g5 40. f5+ Ke7 41. f6+ Kf8 42. Kf5 Be3 43. Ke6 Bd2 44. Kd7 Bxa5 45. e6 Bb4 46. e7+ 1-0


[Site "https://www.chess.com"]